 Dungeon Crawl Stone Soup version 0.28.0 (webtiles) character file.

Game seed: 6343594244000689251

20 HallandMoats the Ruffian (level 2, 26/26 HPs)
             Began as a Ghoul Monk on Feb 12, 2022.
             Was a Believer of Kikubaaqudgha.
             Safely got out of the dungeon.
             The game lasted 00:00:40 (1048 turns).

HallandMoats the Ruffian (Ghoul Monk)               Turns: 1048, Time: 00:00:41

Health: 26/26      AC:  2    Str: 14    XL:     2   Next: 79%
Magic:  1/1        EV: 12    Int:  5    God:    Kikubaaqudgha [**....]
Gold:   51         SH:  0    Dex: 11    Spells: 1/1 levels left

rFire   . . .      SeeInvis .     - Unarmed
rCold   + . .      Faith    .   (no shield)
rNeg    + + +      Spirit   .   a - +0 robe
rPois   ∞          Reflect  .   (no helmet)
rElec   .          Harm     .   (no cloak)
rCorr   .          Rampage  .   (no gloves)
Will    .....                   (no boots)
Stlth   ++........              (no amulet)
HPRegen 0.08/turn               (no ring)
MPRegen 0.07/turn               (no ring)

@: no status effects
A: claws 1, cold resistance 1, negative energy resistance 3, inhibited
regeneration, torment resistance 2
a: Renounce Religion, Receive Corpses


You escaped.
You worshipped Kikubaaqudgha.
Kikubaaqudgha was pleased with you.
You visited 1 branch of the dungeon, and saw 1 of its levels.

You collected 51 gold pieces.

Inventory:

Armour
 a - a +0 robe (worn)
Scrolls
 b - a scroll of enchant weapon {unknown}
 c - 2 scrolls of amnesia {unknown}
 d - 2 scrolls of fear {unknown}


   Skills:
 * Level 3.6 Fighting
 + Level 0.3 Armour
 + Level 2.8 Dodging
 - Level 2.1 Stealth
 * Level 3.7 Unarmed Combat
 + Level 0.5 Invocations


You had one spell level left.
You didn't know any spells.
Your spell library contained the following spells:

 Spells                   Type           Power      Damage    Failure   Level
 Animate Skeleton         Necr           0%         N/A       47%         1
 Pain                     Necr           0%         1d4       47%         1
 Vampiric Draining        Necr           0%         2d6       85%         3
 Agony                    Necr           0%         N/A       100%        5


Dungeon Overview and Level Annotations

Branches:
Dungeon (1/15)

Altars:
Kikubaaqudgha


Innate Abilities, Weirdness & Mutations

You thrive by killing the living.
You are immune to poison.
You have sharp fingernails.
Your flesh is cold resistant. (rC+)
You are immune to negative energy. (rN+++)
You do not regenerate when monsters are visible.
You are immune to unholy pain and torment.


Message History

You barely miss the goblin.
The goblin is almost dead.
You closely miss the goblin.
The goblin is almost dead.
The goblin closely misses you.
You scratch the goblin.
You kill the goblin!
You feel better.
No target in view!
No target in view!
No target in view!
No target in view!
No target in view!
No target in view!
No target in view!
No target in view!
Things that are here:
a +0 dagger; a goblin corpse You now have 51 gold pieces (gained 9).
Found a faded altar of an unknown god.
Done exploring.
Done exploring.
Done exploring.
Search for what [? for help]? altar
There is a faded altar of an unknown god here.
You cannot tell which god this altar belongs to.
Convert to them anyway?
Kikubaaqudgha accepts your prayer! Kikubaaqudgha welcomes you!
You can now receive cadavers from Kikubaaqudgha.
Kikubaaqudgha grants you a gift!
You add the spells Animate Skeleton, Pain, Vampiric Draining and Agony to your library.
Kikubaaqudgha is now protecting you from necromantic miscasts and death curses.
(D) Dungeon
Where to? (Enter - D:1 @ (x,y), ? - help)
What level of the Dungeon? (default 1, ? - help)
You open the door.
There is an open door here.
There is a staircase leading out of the dungeon here.
Are you sure you want to leave the Dungeon?
This will make you lose the game!
You have escaped!

....#
#######...#
###.#
#.........#
#.#
#.#########
#.# #.# #)#
#.# #.# #.#
#######
###.# #.#
#.....#
....# #.#
#.#'#.#
##### #.#
#.#@#.# #.#
#.#'#.# #.#
##.....#
#.#
#..#####
#.# #.##
#.# #.# #.#
#.# #.#
##.# #.#
#..#


There were no monsters in sight!

Vanquished Creatures
  A dart slug (D:1)
  5 goblins (D:1)
  A hobgoblin (D:1)
  3 jackals (D:1)
  A ball python (D:1)
  3 kobolds (D:1)
  A rat (D:1)
15 creatures vanquished.

Notes
Turn   | Place    | Note
-------+----------+-------------------------------------------
     0 | D:1      | HallandMoats the Ghoul Monk began the quest for the Orb.
     0 | D:1      | Reached XP level 1. HP: 19/19 MP: 0/0
   430 | D:1      | Reached XP level 2. HP: 26/26 MP: 1/1
   833 | D:1      | Found a faded altar of an unknown god.
   923 | D:1      | Prayed at the altar of an unknown god.
   923 | D:1      | Became a worshipper of Kikubaaqudgha
   923 | D:1      | Reached * piety under Kikubaaqudgha
   923 | D:1      | Received a gift from Kikubaaqudgha
   923 | D:1      | Reached ** piety under Kikubaaqudgha
  1048 | D:$      | Safely got out of the dungeon.

Illustrated notes

Levels and vault maps discovered:
D:1:      dpeg_arrival_tiny_d, layout_basic, chequers_ecumenical_altar_grove

Action                   || total
-------------------------++-------
Melee: Unarmed           ||    46
 Stab: Sleeping          ||     3
Armor: Robe              ||     4
Dodge: Dodged            ||    24
